 Dungeon Crawl Stone Soup version 0.19.1 (webtiles) character file.

3572 XO4YCPATb the Grappler (level 9, 0/76 HPs)
             Began as a Troll Hunter on Dec 1, 2016.
             Was a Follower of Ru.
             Slain by a yak (16 damage)
             ... on level 8 of the Dungeon.
             The game lasted 00:15:02 (6417 turns).

XO4YCPATb the Grappler (Troll Hunter)               Turns: 6417, Time: 00:15:03

Health: 0/76       AC:  5    Str: 22    XL:     9   Next: 84%
Magic:  8/8        EV:  8    Int: 10    God:    Ru [*.....]
Gold:   312        SH:  9    Dex: 10    Spells: 1 memorised, 7 levels left

rFire  . . .     SeeInvis +       - Unarmed
rCold  . . .     Gourm    +     G - +0 robe {MR+}
rNeg   . . .     Faith    .     u - +0 shield
rPois  .         Spirit   .     (helmet restricted)
rElec  .         Reflect  .     (no cloak)
rCorr  .         Harm     .     (gloves unavailable)
MR     +....                    (boots unavailable)
Stlth  +.........               p - amulet of rage
                                k - +3 ring of evasion
                                o - ring of see invisible

@: no status effects
A: unfitting armour, claws 3, fast metabolism 3, gourmand, mutation resistance
1, regeneration 1, shaggy fur 1, tough skin 2, reduced EV 1
a: Renounce Religion, Evoke Berserk Rage


You were on level 8 of the Dungeon.
You worshipped Ru.
Ru was aware of your devotion.
You were completely stuffed.

You visited 2 branches of the dungeon, and saw 10 of its levels.

You collected 312 gold pieces.

Inventory:

Missiles
 d - 2 throwing nets
 s - 2 tomahawks
 z - 7 javelins
 D - 5 large rocks (quivered)
Armour
 u - a +0 shield (worn)
 G - a +0 robe of magic resistance (worn)
Jewellery
 k - a +3 ring of evasion (right claw)
 o - a ring of see invisible (left claw)
 p - an amulet of rage (around neck)
Wands
 E - a wand of polymorph (8/24)
 F - a wand of slowing (27/48)
Scrolls
 i - 4 scrolls of remove curse
 m - 2 scrolls of teleportation {unknown}
 q - 3 scrolls of fear
 y - a scroll of magic mapping
Potions
 a - 2 potions of haste
 e - 2 potions of lignification
 h - a potion of ambrosia {unknown}
 j - 4 potions of curing {unknown}
 l - 3 potions of cure mutation {unknown}
 n - a potion of degeneration {unknown}
 r - a potion of flight {unknown}
 t - a potion of heal wounds {unknown}
 v - a potion of magic {unknown}
 A - a potion of resistance {unknown}
Books
 x - a book of Cantrips

   Spells                             Type                      Level
   a - Confusing Touch                Hexes                        1
   b - Animate Skeleton               Necromancy                   1
   c - Summon Small Mammal            Summoning                    1
   d - Apportation                    Translocation                1
 B - a book of Callings

   Spells                             Type                      Level
   a - Summon Small Mammal            Summoning                    1
   b - Call Imp                       Summoning                    2
   c - Call Canine Familiar           Summoning                    3
   d - Summon Guardian Golem          Hexes/Summoning              3
   e - Summon Lightning Spire         Summoning/Air                4
   f - Summon Ice Beast               Ice/Summoning                4
Comestibles
 b - 7 chunks of flesh
 f - 6 bread rations
 g - 3 meat rations
 w - 5 fruits
 C - a beef jerky


   Skills:
 - Level 1.5 Fighting
 + Level 7.8 Throwing
 - Level 1.5 Dodging
 - Level 0.3 Stealth
 * Level 5.5 Shields
 + Level 9.3 Unarmed Combat
 - Level 2.2 Necromancy


You had 7 spell levels left.
You knew the following spells:

 Your Spells              Type           Power        Failure   Level  Hunger
a - Animate Skeleton      Necr           N/A          34%         1    ##.....


Dungeon Overview and Level Annotations

Branches:
Dungeon (9/15)             Temple (1/1) D:6
   Lair: D:8-11         Orc: D:9-12

Altars:
Ashenzari
Cheibriados
Dithmenos
Elyvilon
Fedhas
Makhleb
Okawaru
Qazlal
Ru
Sif Muna
Xom
Yredelemnul
Zin

Shops:
D:3 *   D:5 }   D:6 }


Innate Abilities, Weirdness & Mutations

You are too large for most types of armour.
You have claws for hands.
Your metabolism is lightning-fast.
You like to eat raw meat.
Your natural rate of healing is unusually fast.
You are covered in fur. (AC +1)
You have very tough skin. (AC +2)
You have somewhat slow reflexes. (EV -3)
You are somewhat resistant to further mutation.


Message History

The yak is heavily wounded.
The yak gores you.
You scratch the yak.
The yak is severely wounded.
The yak gores you!
You scratch the yak.
The yak is severely wounded.
The yak gores you.
You scratch the yak but do no damage.
The yak is severely wounded.
You scratch the yak but do no damage.
The yak is severely wounded.
The yak gores you!
* * * LOW HITPOINT WARNING * * *
You are too injured to fight recklessly!
You are too injured to fight recklessly!
You barely miss the yak.
The yak is severely wounded.
The yak gores you!
You die...

#.# #.# ######### #.#
#.......#
#.#######.#####.#####
#...................#
#.#######.#####.###)#
#.# #.# #.# #[#
##.#######.# #Y# #.#
...........# #@###)##
##.######### #<...).#
#.# #####..# #.# #.)#
#.# #).# ##.######
#.<# .)......#
##########..#
##.####.#
#....>......# ##.#
#.# #.#########.#


You could see a yak.

Vanquished Creatures
  A centaur zombie (D:8)
  A yak (D:8)
  A water moccasin (D:7)
  A phantom (D:8)
  2 sky beasts
  4 orc warriors
  An eye of draining (D:8)
  2 centaurs
  5 ogres
  4 bullfrogs
  2 scorpions
  3 wights (D:7)
  A howler monkey (D:6)
  3 crimson imps
  A bullfrog zombie (D:5)
  2 jellies
  An orc priest (D:4)
  4 hounds
  13 orc wizards
  A gnoll shaman (D:5)
  An iguana (D:7)
  3 worker ants
  A howler monkey zombie (D:5)
  A worker ant zombie (D:5)
  9 adders
  9 gnolls
  A shadow imp (D:5)
  An adder skeleton (D:4)
  4 worms
  A dart slug (D:5)
  A leopard gecko (D:7)
  25 orcs
  4 giant cockroaches
  9 goblins
  4 hobgoblins
  2 jackals (D:3)
  9 kobolds
  2 quokkas
  11 bats
  3 frilled lizards
  A quokka skeleton (D:5)
  6 rats
161 creatures vanquished.

Vanquished Creatures (collateral kills)
  A howler monkey (D:5)
1 creature vanquished.

Grand Total: 162 creatures vanquished

Notes
Turn   | Place    | Note
-------+----------+-------------------------------------------
     0 | D:1      | XO4YCPATb the Troll Hunter began the quest for the Orb.
     0 | D:1      | Reached XP level 1. HP: 19/19 MP: 0/0
   162 | D:1      | Reached skill level 1 in Unarmed Combat
   366 | D:1      | Reached XP level 2. HP: 27/27 MP: 1/1
   586 | D:1      | Reached skill level 2 in Unarmed Combat
   810 | D:2      | Reached XP level 3. HP: 29/33 MP: 2/2
   979 | D:2      | Reached skill level 3 in Unarmed Combat
  1294 | D:3      | Reached XP level 4. HP: 41/41 MP: 3/3
  1330 | D:3      | Found a glowing silver altar of Zin.
  1331 | D:3      | Found Zin's Purification Station.
  1728 | D:4      | Reached skill level 4 in Unarmed Combat
  1848 | D:4      | Reached XP level 5. HP: 48/48 MP: 4/4
  2068 | D:4      | Noticed an orc warrior
  2073 | D:4      | Killed an orc warrior
  2086 | D:4      | Reached XP level 6. HP: 54/55 MP: 5/5
  2091 | D:4      | Reached skill level 5 in Unarmed Combat
  2578 | D:5      | Entered Level 5 of the Dungeon
  2616 | D:5      | Noticed a sky beast
  2622 | D:5      | Killed a sky beast
  2622 | D:5      | Reached skill level 5 in Throwing
  2637 | D:5      | Gained mutation: You are somewhat resistant to further mutation. [mutagenic meat]
  2676 | D:5      | Found Tufiar's Gadget Emporium.
  2696 | D:5      | Reached skill level 6 in Unarmed Combat
  2733 | D:5      | Found an iron altar of Okawaru.
  2745 | D:5      | Reached XP level 7. HP: 62/62 MP: 6/6
  2974 | D:5      | Found a snail-covered altar of Cheibriados.
  3257 | D:5      | Learned a level 1 spell: Animate Skeleton
  3294 | D:5      | Reached skill level 1 in Necromancy
  3451 | D:5      | Reached skill level 7 in Unarmed Combat
  3629 | D:5      | Reached XP level 8. HP: 67/70 MP: 7/7
  4080 | D:6      | Found Ineb's Gadget Emporium.
  4143 | D:6      | Found an iron altar of Okawaru.
  4143 | D:6      | Found a shattered altar of Ashenzari.
  4153 | D:6      | Found a staircase to the Ecumenical Temple.
  4164 | Temple   | Entered the Ecumenical Temple
  4185 | Temple   | Became a worshipper of Ru the Awakened
  4572 | D:7      | Reached skill level 8 in Unarmed Combat
  4724 | D:7      | Reached skill level 1 in Shields
  5080 | D:7      | Reached XP level 9. HP: 33/76 MP: 8/8
  5556 | D:8      | Gained mutation: You have somewhat slow reflexes. (EV -3) [Ru sacrifice]
  5556 | D:8      | Reached * piety under Ru
  5739 | D:8      | Reached skill level 9 in Unarmed Combat
  5946 | D:8      | Reached skill level 5 in Shields
  6417 | D:8      | Slain by a yak

Skill      XL: |  1  2  3  4  5  6  7  8  9 |
---------------+----------------------------+-----
Unarmed Combat | 1 2 3 4 6 7 8 9 |  9.3
Throwing       | 4 5 6 7 |  7.8
Necromancy     | 2 |  2.2
Shields        | 3 5 |  5.5
Fighting       | |  1.5
Dodging        | |  1.5
Stealth        | |  0.3

Action                   |  1- 3 |  4- 6 |  7- 9 || total
-------------------------+-------+-------+-------++-------
Melee: Unarmed           |   103 |   101 |   313 ||   517
       Punch             |     1 |     1 |     4 ||     6
Throw: Large rock        |     1 |    10 |    26 ||    37
       Javelin           |       |       |     7 ||     7
       Throwing net      |       |       |     1 ||     1
 Cast: Animate Skeleton  |       |       |     7 ||     7
Invok: Sacrifice Health  |       |       |     1 ||     1
  Use: Scroll            |     3 |     2 |     2 ||     7
 Stab: Sleeping          |     1 |       |       ||     1
       Held in net/web   |       |       |     1 ||     1
  Eat: Chunk             |    17 |    14 |    36 ||    67
Armor: Robe              |    49 |    19 |    40 ||   108
Dodge: Dodged            |    59 |    69 |   102 ||   230
Block: Shield            |       |       |    56 ||    56
